 Dungeon Crawl Stone Soup version 0.17-a0-1763-g847a857 (webtiles) character file.

163 kosy22 the Skirmisher (level 5, -5/46 HPs)
             Began as a Draconian Fighter on Sept 5, 2015.
             Slain by luca467's ghost (9 damage)
             ... on level 4 of the Dungeon.
             The game lasted 00:08:15 (3371 turns).

kosy22 the Skirmisher (Draconian Fighter)           Turns: 3371, Time: 00:08:16

Health: -5/46      AC:  7    Str: 20    XL:     5   Next: 20%
Magic:  5/5        EV: 13    Int:  8    God:
Gold:   111        SH:  6    Dex: 10    Spells: 0 memorised, 4 levels left

rFire  . . .     SeeInvis +     a - +1 war axe
rCold  . . .     Clarity  .     (armour unavailable)
rNeg   . . .     SustAt   .     j - +2 buckler
rPois  +         Gourm    .     (helmet restricted)
rElec  .         Spirit   .     n - +1 cloak {MR+}
rCorr  .         Warding  .     (no gloves)
rMut   .         Stasis   .     (no boots)
MR     +....                    (no amulet)
Stlth  +.........               h - ring of poison resistance
                                i - ring of see invisible

@: somewhat resistant to hostile enchantments, very unstealthy
A: unfitting armour, cold-blooded, AC +5
a: no special abilities


You were on level 4 of the Dungeon.
You were not hungry.

You visited 1 branch of the dungeon, and saw 4 of its levels.

You collected 111 gold pieces.

Inventory:

Hand weapons
 a - a +1 war axe (weapon)
Armour
 b - a +0 shield
 f - a +0 helmet
 j - a +2 buckler (worn)
 n - a +1 cloak of magic resistance (worn)
Jewellery
 h - a ring of poison resistance (right hand)
 i - a ring of see invisible (left hand)
Scrolls
 d - 2 scrolls of teleportation
 e - 3 scrolls of amnesia
Potions
 c - a potion of might
 g - 2 potions of magic {unknown}
 k - a potion of brilliance {unknown}
 l - a potion of heal wounds {unknown}
 m - 2 potions of agility {unknown}


   Skills:
 + Level 4.1 Fighting
 + Level 2.6 Axes
 + Level 4.0 Dodging
 + Level 0.4 Stealth
 + Level 4.0 Shields


You had 4 spell levels left.
You didn't know any spells.

Dungeon Overview and Level Annotations

Branches:
Dungeon (4/15)
 Temple: D:4-7

Altars:
Xom

Annotations:
D:4 luca467's ghost, average MiBe


Innate Abilities, Weirdness & Mutations

Your plain brown scales are hard (AC +5).
Your body does not fit into most forms of armour.
You are cold-blooded and may be slowed by cold attacks.


Message History

You hit luca467's ghost but do no damage.
Luca467's ghost is lightly damaged.
Luca467's ghost hits you!
You slash luca467's ghost!
Luca467's ghost is heavily damaged.
Luca467's ghost misses you. You block luca467's ghost's attack.
You miss luca467's ghost.
You tail-slap luca467's ghost, but do no damage.
Luca467's ghost is heavily damaged.
Luca467's ghost hits you!
* * * LOW HITPOINT WARNING * * *
You closely miss luca467's ghost.
Your tail-slap misses luca467's ghost.
Luca467's ghost is heavily damaged.
Luca467's ghost hits you.
* * * LOW HITPOINT WARNING * * *
You slash luca467's ghost!
Your tail-slap misses luca467's ghost.
Luca467's ghost is severely damaged.
Luca467's ghost shouts, "You will never get the ORB!"
Luca467's ghost hits you!
You die...

.. #..###
#...###....##.#
#.....<......# ##
#.#####..#.####
###.### ## #..#
$....##.# #..# #
#.#.#.# #..#.####
#W..#####........
#@.........#.####
##!#########.#
##....... #
.###### .# .# .#
.# ##


You could see luca467's ghost.

Vanquished Creatures
  4 adders
  5 gnolls
  An ooze (D:2)
  3 worms (D:3)
  An orc (D:3)
  4 ball pythons
  4 giant cockroaches
  5 goblins
  4 hobgoblins
  6 kobolds
  A quokka (D:3)
  13 bats
  6 giant newts
  6 jackals (D:3)
  11 rats
74 creatures vanquished.

Notes
Turn   | Place    | Note
--------------------------------------------------------------
     0 | D:1      | kosy22 the Draconian Fighter began the quest for the Orb.
     0 | D:1      | Reached XP level 1. HP: 19/19 MP: 1/1
   188 | D:1      | Reached XP level 2. HP: 24/26 MP: 2/2
   625 | D:1      | Reached XP level 3. HP: 33/33 MP: 3/3
  1206 | D:2      | Found a faded altar to an unknown god.
  1517 | D:2      | Reached XP level 4. HP: 26/40 MP: 4/4
  2323 | D:3      | Reached skill level 4 in Fighting
  2650 | D:3      | Found a shimmering altar of Xom.
  2692 | D:3      | Reached XP level 5. HP: 36/46 MP: 5/5
  3357 | D:4      | Noticed luca467's ghost (average MiBe)
  3371 | D:4      | Slain by luca467's ghost

Vault maps used:
D:1:      wheals_arrival_shading
D:2:      ecumenical_altar_2
D:3:      grunt_ministairs_8, xom_teletrap_fun
D:4:      minmay_temple_entry_enclosed_plants, minivault_19, st_stairs_14

Action                   |  1- 3 |  4- 6 || total
-------------------------+-------+-------++-------
Melee: War axe           |   114 |    93 ||   207
  Use: Scroll            |     5 |     1 ||     6
  Eat: Pizza             |     1 |       ||     1
       Bread ration      |       |     1 ||     1
       Beef jerky        |       |     1 ||     1
       Chunk             |       |     1 ||     1
